 Dungeon Crawl Stone Soup version 0.21-a0-538-gd16b88a (webtiles) character file.

219310 AverageBear the Eclecticist (level 18, -1/98 HPs)
             Began as a Deep Elf Fighter on Dec 16, 2017.
             Was the Champion of Ashenzari.
             Slain by a wolf spider zombie (4 damage)
             ... on level 4 of the Spider Nest.
             The game lasted 01:51:24 (42027 turns).

AverageBear the Eclecticist (Deep Elf Fighter)     Turns: 42027, Time: 01:51:25

Health: -1/98      AC: 25    Str: 17 (18) XL:     18   Next: 82%
Magic:  44/52      EV: 27    Int: 17 (18) God:    Ashenzari [******]
Gold:   2921       SH: 15    Dex: 17 (18) Spells: 15/55 levels left

rFire    + . .     SeeInvis +   a - +9 rapier (curse)
rCold    + . .     Gourm    .   b - +2 shield of Resistance {rF+ rC+ MR+} (curse)
rNeg     . . .     Faith    .   s - +4 ring mail {MR+} (curse)
rPois    .         Spirit   .   r - +2 hat (curse)
rElec    .         Reflect  .   z - +2 cloak (curse)
rCorr    .         Harm     .   D - +2 pair of gloves {Dex+3} (curse)
MR       +++..     Clarity  +   O - +2 pair of boots (curse)
Stlth    +++++.....             U - amulet of regeneration (curse)
HPRegen  0.66/turn              W - ring "Guluz" {+Inv MP+9} (curse)
MPRegen  0.33/turn              o - +5 ring of evasion (curse)

@: about to teleport
A: beak, claws 1, horns 1, icy blue scales 1, yellow scales 1, blink, clarity,
deformed body, deterioration 1, sense surroundings 2, strong 1
a: Blink, Curse Item, Scrying, Transfer Knowledge, Renounce Religion, Evoke
Invisibility


You were on level 4 of the Spider Nest.
You worshipped Ashenzari.
Ashenzari was exalted by your worship.
You were hungry.

You visited 6 branches of the dungeon, and saw 29 of its levels.
You also visited: Ossuary, Bailey, Ice Cave and Volcano.

You collected 3567 gold pieces.
You spent 646 gold pieces at shops.

Inventory:

Hand Weapons
 a - a cursed +9 rapier (weapon)
 v - the +0 rapier of Uliuva {protect, rPois MR+ Str+4}
   (You found it on level 4 of the Dungeon)

   It protects the one who uses it against injury (+AC on strike).
   It affects your strength (+4).
   It protects you from poison.
   It affects your resistance to hostile enchantments.
Missiles
 x - 184 arrows
 K - 7 tomahawks of dispersal (quivered)
Armour
 b - the cursed +2 shield of Resistance (worn) {rF+ rC+ MR+}
   (You found it in a bailey)

   It protects you from fire.
   It protects you from cold.
   It affects your resistance to hostile enchantments.
   It has a curse placed upon it.
 r - a cursed +2 hat (worn)
 s - a cursed +4 ring mail of magic resistance (worn)
 z - a cursed +2 cloak (worn)
 D - a cursed +2 pair of gloves of dexterity (worn)
 O - a cursed +2 pair of boots (worn)
Jewellery
 o - a cursed +5 ring of evasion (right hand)
 U - a cursed amulet of regeneration (around neck)
 W - the cursed ring "Guluz" (left hand) {+Inv MP+9}
   (You found it on level 6 of the Lair of Beasts)

   [ring of magical power]

   It affects your magic capacity (+9).
   It lets you turn invisible.
   It has a curse placed upon it.
Wands
 j - a wand of flame (27)
 p - a wand of paralysis (36)
 w - a wand of digging (21)
 B - a wand of iceblast (44)
 C - a wand of enslavement (11)
 I - a wand of polymorph (58)
Scrolls
 h - 2 scrolls of enchant armour
 t - a scroll of immolation
 y - 5 scrolls of teleportation
 H - 3 scrolls of amnesia
 L - 5 scrolls of remove curse
 M - 2 scrolls of fog
 N - a scroll of holy word
 P - 2 scrolls of fear
 T - 13 scrolls of identify
Potions
 c - 4 potions of lignification
 d - 2 potions of heal wounds
 e - 5 potions of might
 g - 6 potions of curing
 m - 12 potions of flight
 q - 3 potions of brilliance
 u - 3 potions of cancellation
 E - 6 potions of magic
 X - 6 potions of haste
 Y - 4 potions of berserk rage
 Z - 2 potions of resistance
Books
 l - a Fen Folio

   Spells                             Type                      Level
   a - Corpse Rot                     Necromancy                   2
   b - Stone Arrow                    Conjuration/Earth            3
   c - Leda's Liquefaction            Hexes/Earth                  4
   d - Summon Forest                  Summoning/Translocation      5
   e - Hydra Form                     Transmutation                6
   f - Summon Hydra                   Summoning                    7
Miscellaneous
 n - a sack of spiders
Comestibles
 f - 10 bread rations
 i - 11 meat rations
 k - 11 royal jellies


   Skills:
 - Level 6.2 Fighting
 - Level 10.9(15.1) Short Blades
 - Level 7.6(12.1) Armour
 + Level 11.8(16.0) Dodging
 - Level 12.3 Stealth
 - Level 9.3(12.2) Shields
 - Level 19.4 Spellcasting
 - Level 10.9(15.1) Conjurations
 - Level 10.7(14.9) Hexes
 - Level 12.2(16.3) Transmutations
 - Level 8.5(12.9) Ice Magic
 - Level 7.8(12.3) Air Magic


You had 15 spell levels left.
You knew the following spells:

 Your Spells              Type           Power        Failure   Level  Hunger
a - Sticks to Snakes      Tmut           ######..     0%          2    None
b - Freezing Cloud        Conj/Ice/Air   ######....   4%          6    #####..
c - Metabolic Englaciati  Hex/Ice        ######....   1%          5    ###....
d - Conjure Flame         Conj/Fire      #####...     1%          3    None
e - Inner Flame           Hex/Fire       #####...     1%          3    None
f - Tornado               Air            ######....   100%        9    #######
g - Invisibility          Hex            ######..     2%          6    #####..
h - Tukima's Dance        Hex            ######..     1%          3    None
i - Mephitic Cloud        Conj/Pois/Air  #####...     1%          3    None


Dungeon Overview and Level Annotations

Branches:
Dungeon (15/15)            Temple (1/1) D:7            Lair (6/6) D:11
  Swamp (0/4) Lair:3       Spider (4/4) Lair:4        Slime (0/5) Lair:5
    Orc (2/2) D:11            Elf (0/3) Orc:2        Vaults (0/5) D:13
 Depths (1/5) D:15

Altars:
Ashenzari
Cheibriados
Dithmenos
Elyvilon
Fedhas
Gozag
Hepliaklqana
Kikubaaqudgha
Makhleb
Nemelex Xobeh
Okawaru
Qazlal
Ru
Sif Muna
Trog
Uskayaw
Vehumet
Wu Jian
Xom
Yredelemnul
Zin
The Shining One
Beogh

Shops:
D:8 %   D:9 *   D:10 %:   D:11 ([   Orc:1 [   Orc:2 *}(*

Annotations:
Lair:4 exclusion: 2 oklob plants


Innate Abilities, Weirdness & Mutations

You have a beak for a mouth.
You have sharp fingernails.
You have a pair of small horns on your head.
You are partially covered in icy blue scales. (AC +2)
You are partially covered in yellow scales. (AC +2)
You can translocate small distances at will.
You possess an exceptional clarity of mind.
Armour fits poorly on your strangely shaped body.
Your body sometimes deteriorates upon taking damage.
You passively map the area around you.
Your muscles are strong. (Str +2)


Message History

You peck the emperor scorpion, but do no damage.
The emperor scorpion is moderately wounded.
The wolf spider zombie is engulfed in freezing vapours.
You block the wolf spider zombie's attack.
The wolf spider zombie misses you.
The wolf spider zombie is engulfed in freezing vapours.
The emperor scorpion is engulfed in freezing vapours.
The emperor scorpion tears through a web.
The wolf spider zombie misses you.
You block the wolf spider zombie's attack.
As you read the scroll of teleportation, it crumbles to dust.
You feel strangely unstable.
The emperor scorpion stings you but does no damage.
You block the emperor scorpion's attack.
The emperor scorpion claws you!
* * * LOW HITPOINT WARNING * * *
Your body deteriorates!
You feel clumsy.
The wolf spider zombie barely misses you.
The wolf spider zombie bites you.
You die...

##.......# #..#.....
###...... #######
###########################
#≈≈......≈≈≈≈^.^..........#
#≈≈.......≈≈#≈≈≈..#....≈≈≈≈
#≈#≈..§§§#.≈≈≈≈≈≈≈≈..^≈≈≈≈≈
#≈≈≈..§§§Z@....≈≈≈≈≈≈≈≈≈#..
#.≈≈.†§#§s.^..#.≈≈≈≈#≈.....
#.≈≈#†###################..
#..≈≈s# ,,,, ,, { ,, ,#..
#..≈≈.# , , , ,{ , ,*,#..
#..≈Z.#, {, ,, ,*,{,{, #..
##.≈≈.#≈, , * ** * #).
..≈≈{#≈ { ∆{, {, ,*{ #..
#.≈≈≈≈≈≈≈≈ * *{ {,{ * ,{#^.


You could see an emperor scorpion and a wolf spider zombie.

Vanquished Creatures
  Arachne (Spider:1)
  Agnes (Spider:2)
  Gastronok (D:10)
  A tengu reaver (Depths:1)
  A fire giant (Depths:1)
  A frost giant (IceCv)
  2 ghost moths (Spider:4)
  An emperor scorpion (Spider:3)
  4 very ugly things
  A stone giant (D:15)
  2 entropy weavers
  The ghost of TySteely the Basher, a journeyman GrFi of Cheibriados (D:15)
  A red draconian (Volcano)
  6 dire elephants
  An ettin (Orc:1)
  Fannar (Lair:3)
  3 ice dragons (Depths:1)
  2 rakshasas
  8 hydras
  Erica (Lair:2)
  An anaconda (Lair:6)
  6 centaur warriors
  A catoblepas (Lair:5)
  28 two-headed ogres
  3 death yaks (Lair:5)
  An orc high priest (Orc:1)
  2 tengu warriors (D:13)
  4 deep troll shamans
  6 ogre magi
  Urug (D:11)
  3 iron trolls (D:15)
  3 skeletal warriors (D:14)
  An unseen horror (D:13)
  7 deep trolls
  A flayed ghost (Depths:1)
  The ghost of angeredRogue the Transmogrifier, a novice DsTm of Okawaru (D:7)
  2 orc knights (Bailey)
  30 wolf spiders
  2 necromancers
  A wizard (Depths:1)
  2 deep elf magi (D:13)
  8 wolf spider zombies (Spider:3)
  A manticore (D:13)
  10 orb spiders
  16 ugly things
  37 elephants
  An oklob plant (Lair:4)
  4 cyclopes
  2 moths of wrath
  3 ice statues (IceCv)
  Joseph (D:10)
  A black mamba (Lair:5)
  A gargoyle (D:14)
  10 spiny frogs
  A yaktaur zombie (Depths:1)
  9 komodo dragons
  8 yaktaurs (Depths:1)
  3 rime drakes
  10 redback zombies (Spider:3)
  2 efreet
  10 demonic crawlers
  The ghost of brae the Magician, a novice GrEE (D:4)
  44 jumping spiders
  7 hornets
  3 meliai (D:13)
  A spectral tarantella (Spider:4)
  14 trolls
  A spectral jumping spider (Spider:4)
  23 polar bears
  19 blink frogs
  A harpy skeleton (D:15)
  10 slime creatures
  12 tarantella zombies
  3 jumping spider zombies (Spider:4)
  A fire dragon zombie (Depths:1)
  A meliai zombie (D:13)
  12 hippogriffs
  5 dream sheep (Lair:6)
  49 redbacks
  A vampire (D:10)
  A shadow (D:12)
  21 tarantellas
  2 spriggans
  A wraith (D:10)
  39 yaks
  4 fire bats (Lair:5)
  2 wyverns
  A golden eye (shapeshifter) (Depths:1)
  A fire elemental (Lair:5)
  4 basilisks
  A steam dragon (D:9)
  5 hungry ghosts
  16 vampire mosquitoes
  3 wargs
  11 water moccasins
  10 porcupines
  30 orc warriors
  21 ice beasts
  3 sky beasts
  6 black bears
  A fire dragon simulacrum (Depths:1)
  2 eyes of draining
  A phantom (D:7)
  A boggart (shapeshifter) (D:15)
  9 centaurs
  2 necrophages
  11 wolves
  28 ogres
  The ghost of AverageBear the Cutter, an amateur DEFi of Ashenzari (D:3)
  11 crocodiles
  2 big kobolds (D:9)
  17 bullfrogs
  A wyvern zombie (D:12)
  7 scorpions
  2 wyvern skeletons
  17 wights
  2 howler monkeys
  An electric eel (Lair:5)
  7 crimson imps
  2 bullfrog zombies (D:5)
  18 jellies
  6 centaur skeletons
  6 hounds
  4 centaur zombies
  19 orc priests
  30 orc wizards
  2 bullfrog skeletons
  11 iguanas
  4 hell rats (Lair:6)
  Natasha (D:3)
  22 worker ants
  A big kobold zombie (Ossuary)
  A hound zombie (D:7)
  A hound skeleton (D:7)
  A worker ant zombie (D:6)
  A howler monkey skeleton (D:4)
  6 mummies (Ossuary)
  3 gnolls (D:5)
  24 adders
  3 shadow imps
  5 oozes
  3 adder skeletons
  3 worms
  4 dart slugs
  3 leopard geckos (D:4)
  103 orcs
  11 giant cockroaches
  5 goblins
  8 hobgoblins
  21 jackals
  14 kobolds
  6 quokkas
  2 ball pythons
  11 bats
  7 frilled lizards
  2 goblin zombies (Ossuary)
  A jackal skeleton (D:8)
  A jackal zombie (D:6)
  A kobold zombie (Ossuary)
  2 orc zombies (Ossuary)
  4 quokka skeletons
  4 rats
  A bush (Lair:4)
  2 plants
1187 creatures vanquished.

Vanquished Creatures (collateral kills)
  An orc warlord (D:11)
  2 hydras
  2 two-headed ogres (Orc:1)
  A deep troll (Orc:1)
  An orb spider (Spider:3)
  2 wolf spiders
  A jumping spider (Spider:3)
  A tarantella (Spider:3)
  3 redbacks
  2 yaks (Lair:1)
  A hungry ghost (D:13)
  A floating eye (shapeshifter) (D:13)
  5 ogres (Orc:1)
  4 centaurs (Lair:4)
  A crocodile (D:11)
  An iguana (D:11)
  An orc (Orc:1)
30 creatures vanquished.

Vanquished Creatures (others)
  A fire giant (D:15)
  An unseen horror (D:13)
  A wolf spider (Spider:2)
  A tarantella (Spider:3)
  A redback (Spider:3)
  A crimson imp (D:13)
  A jackal (D:9)
  103 fungi
  42 plants
  4 withered plants (D:7)
156 creatures vanquished.

Grand Total: 1373 creatures vanquished

Notes
Turn   | Place    | Note
-------+----------+-------------------------------------------
     0 | D:1      | AverageBear the Deep Elf Fighter began the quest for the Orb.
     0 | D:1      | Reached XP level 1. HP: 13/13 MP: 3/3
   369 | D:1      | Reached XP level 2. HP: 18/18 MP: 4/4
   808 | D:1      | Reached XP level 3. HP: 18/22 MP: 5/5
  1041 | D:2      | Found an iron altar of Okawaru.
  1264 | D:2      | Found a glowing silver altar of Zin.
  1319 | D:2      | Found an opulent altar of Gozag.
  1594 | D:2      | Reached XP level 4. HP: 20/27 MP: 6/6
  1844 | D:3      | Noticed AverageBear's ghost (amateur DEFi)
  1858 | D:3      | Killed AverageBear's ghost
  1858 | D:3      | Reached skill level 5 in Short Blades
  1858 | D:3      | Reached XP level 5. HP: 31/31 MP: 7/7
  1974 | D:3      | Noticed Natasha
  1983 | D:3      | Killed Natasha
  2096 | D:3      | Noticed an ogre
  2112 | D:3      | Killed an ogre
  2112 | D:3      | Reached XP level 6. HP: 28/36 MP: 8/8
  2255 | D:3      | Reached skill level 1 in Dodging
  2609 | D:4      | Got a crystal rapier
  2610 | D:4      | Identified the +0 rapier of Uliuva {protect, rPois MR+ Str+4} (You found it on level 4 of the Dungeon)
  2762 | D:4      | Noticed brae's ghost (novice GrEE)
  2794 | D:4      | Killed brae's ghost
  2794 | D:4      | Reached skill level 5 in Dodging
  2794 | D:4      | Reached XP level 7. HP: 33/40 MP: 9/9
  3156 | D:4      | Found a sacrificial altar of Ru.
  3279 | D:4      | Found a basalt altar of Yredelemnul.
  3288 | D:4      | Found a glowing golden altar of the Shining One.
  3334 | D:4      | Noticed an angel
  3342 | D:4      | Noticed a profane servitor
  3367 | D:5      | Entered Level 5 of the Dungeon
  3500 | D:5      | Found a shadowy altar of Dithmenos.
  3577 | D:5      | Reached XP level 8. HP: 38/45 MP: 10/10
  3908 | D:5      | Found a bloodstained altar of Trog.
  4068 | D:5      | Found a hide-covered altar of Uskayaw.
  4131 | D:5      | Found a shattered altar of Ashenzari.
  4236 | D:5      | Found a white marble altar of Elyvilon.
  4370 | D:6      | Found a sand-covered staircase.
  4375 | Ossuary  | Entered an ossuary
  4687 | Ossuary  | Reached skill level 5 in Armour
  5026 | D:6      | Gained mutation: Your body sometimes deteriorates upon taking damage. [mutagenic meat]
  5027 | D:6      | Gained mutation: Your body often deteriorates upon taking damage. [mutagenic meat]
  5028 | D:6      | Gained mutation: You are clumsy. (Dex -2) [mutagenic meat]
  5029 | D:6      | Gained mutation: You are surrounded by a mild repulsion field. (EV +2) [mutagenic meat]
  5030 | D:6      | Gained mutation: You are somewhat resistant to further mutation. [mutagenic meat]
  5140 | D:6      | Reached XP level 9. HP: 49/49 MP: 11/11
  5595 | D:7      | Lost mutation: Your body often deteriorates upon taking damage. [potion of mutation]
  5595 | D:7      | Lost mutation: You are clumsy. (Dex -2) [potion of mutation]
  5595 | D:7      | Lost mutation: Your body sometimes deteriorates upon taking damage. [potion of mutation]
  5595 | D:7      | Lost mutation: You are somewhat resistant to further mutation. [potion of mutation]
  5595 | D:7      | Gained mutation: You are dopey. (Int -2) [potion of mutation]
  5595 | D:7      | Gained mutation: You do not regenerate when monsters are visible. [potion of mutation]
  5595 | D:7      | Gained mutation: You are agile. (Dex +2) [potion of mutation]
  5596 | D:7      | Lost mutation: You are agile. (Dex +2) [potion of mutation]
  5596 | D:7      | Lost mutation: You are dopey. (Int -2) [potion of mutation]
  5596 | D:7      | Lost mutation: You are surrounded by a mild repulsion field. (EV +2) [potion of mutation]
  5596 | D:7      | Gained mutation: You passively map a small area around you. [potion of mutation]
  5596 | D:7      | Gained mutation: You are partially covered in large bone plates. (SH +4) [potion of mutation]
  5597 | D:7      | Lost mutation: You passively map a small area around you. [potion of mutation]
  5597 | D:7      | Lost mutation: You do not regenerate when monsters are visible. [potion of mutation]
  5597 | D:7      | Gained mutation: You have large cloven feet. [potion of mutation]
  5597 | D:7      | Gained mutation: You have a beak for a mouth. [potion of mutation]
  5597 | D:7      | Gained mutation: You are agile. (Dex +2) [potion of mutation]
  5597 | D:7      | Gained mutation: You are partially covered in yellow scales. (AC +2) [potion of mutation]
  5615 | D:7      | Reached skill level 5 in Shields
  5814 | D:7      | Found a staircase to the Ecumenical Temple.
  5856 | Temple   | Entered the Ecumenical Temple
  6207 | D:5      | Became a worshipper of Ashenzari the Shackled
  6415 | D:7      | Noticed angeredRogue's ghost (novice DsTm)
  6478 | D:7      | Killed angeredRogue's ghost
  6764 | D:7      | Found an ancient bone altar of Kikubaaqudgha.
  7042 | D:8      | Reached skill level 1 in Spellcasting
  7176 | D:8      | Reached skill level 2 in Spellcasting
  7216 | D:8      | Reached XP level 10. HP: 54/54 MP: 15/15
  7251 | D:8      | Reached skill level 3 in Spellcasting
  7307 | D:8      | Reached skill level 4 in Spellcasting
  7355 | D:8      | Reached skill level 5 in Spellcasting
  7384 | D:8      | Found a hazy altar of Hepliaklqana.
  7577 | D:8      | Reached skill level 6 in Spellcasting
  7594 | D:8      | Reached skill level 7 in Spellcasting
  7655 | D:8      | Found Zugovi's Food Emporium.
  7763 | D:9      | Found Ticuv's General Store.
  7766 | D:9      | Paralysed by a hornet for 3 turns
  7786 | D:9      | Reached skill level 8 in Spellcasting
  7831 | D:9      | Reached skill level 9 in Spellcasting
  8229 | D:9      | Reached skill level 10 in Spellcasting
  8421 | D:9      | Reached * piety under Ashenzari
  8608 | D:9      | Identified a scroll of acquirement
  8652 | D:10     | Entered Level 10 of the Dungeon
  8734 | D:10     | Reached skill level 11 in Spellcasting
  8887 | D:10     | Noticed a two-headed ogre
  8906 | D:10     | Killed a two-headed ogre
  8906 | D:10     | Reached XP level 11. HP: 47/58 MP: 28/28
  9124 | D:10     | Noticed Joseph
  9150 | D:10     | Killed Joseph
  9150 | D:10     | Reached skill level 12 in Spellcasting
  9645 | D:10     | Found Ocvoveff's Book Shoppe.
  9645 | D:10     | Noticed Gastronok
  9678 | D:10     | Killed Gastronok
  9678 | D:10     | Reached skill level 5 in Stealth
  9798 | D:10     | Found Rybo Raz's Food Shoppe.
 10123 | D:11     | Noticed a seven-headed hydra
 10127 | D:11     | Found a flagged portal.
 10136 | Bailey   | Entered a bailey
 10137 | Bailey   | Noticed an orc knight
 10178 | Bailey   | Noticed an orc knight
 10191 | Bailey   | Killed an orc knight
 10371 | Bailey   | Noticed an orc knight
 10372 | Bailey   | Found the +2 shield of Resistance {rF+ rC+ MR+}
 10412 | Bailey   | Killed an orc knight
 10556 | D:11     | Found Idwuklin's Armour Shoppe.
 10574 | D:11     | Found a staircase to the Orcish Mines.
 10622 | D:11     | Reached skill level 10 in Stealth
 10685 | D:11     | Found Voholulu's Weapon Shoppe.
 10706 | D:11     | Gained mutation: You are robust. (+10% HP) [mutagenic meat]
 10707 | D:11     | Lost mutation: You are robust. (+10% HP) [mutagenic meat]
 10708 | D:11     | Lost mutation: You are agile. (Dex +2) [mutagenic meat]
 10709 | D:11     | Gained mutation: You are partially covered in icy blue scales. (AC +2) [mutagenic meat]
 10711 | D:11     | Gained mutation: Your muscles are strong. (Str +2) [mutagenic meat]
 11029 | D:11     | Found a staircase to the Lair.
 11074 | D:11     | Killed a seven-headed hydra
 11120 | D:11     | Reached XP level 12. HP: 57/64 MP: 30/30
 11493 | D:11     | Reached skill level 10 in Dodging
 11550 | D:11     | Reached ** piety under Ashenzari
 11626 | D:12     | Learned a level 2 spell: Sticks to Snakes
 11754 | D:12     | Noticed a five-headed hydra
 11765 | D:12     | Killed a five-headed hydra
 11960 | D:12     | Reached skill level 1 in Transmutations
 12358 | D:12     | Reached skill level 5 in Transmutations
 13694 | D:13     | Noticed a two-headed ogre
 13702 | D:13     | Noticed a two-headed ogre
 13706 | D:13     | Noticed a two-headed ogre
 13708 | D:13     | Noticed a two-headed ogre
 13771 | D:12     | Killed a two-headed ogre
 13828 | Orc:1    | Entered Level 1 of the Orcish Mines
 13840 | Orc:1    | Found a roughly hewn altar of Beogh.
 13852 | Orc:1    | Noticed Urug
 14239 | D:11     | Reached skill level 5 in Fighting
 14305 | D:11     | Killed Urug
 14404 | Orc:1    | Found Jicaihob's Armour Emporium.
 14473 | Orc:2    | Entered Level 2 of the Orcish Mines
 14482 | Orc:2    | Noticed an orc warlord
 15223 | D:11     | Killed an orc warlord
 15223 | D:11     | Reached XP level 13. HP: 42/74 MP: 26/31
 16174 | Orc:2    | Found Laodenen's Weapon Shop.
 16566 | Orc:1    | Reached skill level 10 in Transmutations
 16787 | Orc:2    | Found Xizuesk's Assorted Antiques.
 16788 | Orc:2    | Found Woyvoiwk's Gadget Shoppe.
 17022 | Orc:2    | Noticed an ettin
 17079 | Orc:1    | Killed an ettin
 17247 | Orc:2    | Found Tibb's General Store.
 17256 | Orc:2    | Bought a scroll labeled ULEZUI TAYMOSH for 33 gold pieces
 17309 | Orc:2    | Found a staircase to the Elven Halls.
 17576 | Orc:2    | Reached *** piety under Ashenzari
 18060 | Lair:1   | Entered Level 1 of the Lair of Beasts
 18093 | Lair:1   | Found a frozen archway.
 18184 | IceCv    | Entered an ice cave
 19371 | IceCv    | Reached XP level 14. HP: 75/80 MP: 32/32
 19993 | IceCv    | Noticed a frost giant
 20022 | IceCv    | Killed a frost giant
 20609 | Orc:1    | Bought a +0 pair of boots for 63 gold pieces
 21792 | Lair:2   | Noticed Erica
 21816 | Lair:2   | Killed Erica
 22103 | Lair:2   | Reached **** piety under Ashenzari
 23789 | Lair:3   | Learned a level 6 spell: Freezing Cloud
 23795 | Lair:3   | Learned a level 5 spell: Metabolic Englaciation
 23856 | Lair:3   | Reached skill level 1 in Ice Magic
 24550 | Lair:3   | Found a staircase to the Swamp.
 24567 | Lair:3   | Reached skill level 5 in Ice Magic
 24634 | Lair:3   | Noticed Fannar
 24689 | Lair:3   | Killed Fannar
 25034 | Lair:4   | Found a dark tunnel.
 25039 | Volcano  | Entered a volcano
 25060 | Volcano  | Found a bloodstained altar of Trog.
 25147 | Volcano  | Reached XP level 15. HP: 80/84 MP: 33/33
 25190 | Volcano  | Reached XP level 16. HP: 83/89 MP: 34/34
 25544 | Lair:4   | Reached ***** piety under Ashenzari
 25588 | Lair:4   | Found a hole to the Spider Nest.
 25644 | Lair:4   | Reached skill level 1 in Conjurations
 25922 | Lair:4   | Found a shimmering altar of Xom.
 27047 | Lair:5   | Reached skill level 5 in Conjurations
 27270 | Lair:5   | Found a staircase to the Slime Pits.
 28171 | Lair:6   | Entered Level 6 of the Lair of Beasts
 28924 | Lair:6   | Found a snail-covered altar of Cheibriados.
 29297 | Lair:6   | Learned a level 3 spell: Conjure Flame
 29301 | Lair:6   | Learned a level 3 spell: Inner Flame
 29452 | Lair:6   | Reached skill level 10 in Conjurations
 30114 | Lair:6   | Identified the cursed ring "Guluz" {+Inv MP+9}
 30730 | D:13     | Reached skill level 1 in Air Magic
 30760 | D:13     | Gained mutation: Armour fits poorly on your strangely shaped body. [mutagenic meat]
 30761 | D:13     | Gained mutation: You can translocate small distances at will. [mutagenic meat]
 30762 | D:13     | Gained mutation: Potions are less effective at restoring your health. [mutagenic meat]
 30763 | D:13     | Gained mutation: You have a pair of small horns on your head. [mutagenic meat]
 31495 | D:13     | Reached skill level 5 in Air Magic
 31701 | D:13     | Found a gate to the Vaults.
 32164 | D:14     | Gained mutation: You passively map a small area around you. [mutagenic meat]
 32165 | D:14     | Gained mutation: Your mind is acute. (Int +2) [mutagenic meat]
 32494 | D:14     | Reached XP level 17. HP: 93/93 MP: 35/35
 32676 | D:15     | Entered Level 15 of the Dungeon
 32695 | D:15     | Identified the +5 dire flail "Kobehybb" {flame, rElec rC++ MR+ Int-4}
 32712 | D:15     | Noticed TySteely's ghost (journeyman GrFi)
 33088 | D:15     | Killed TySteely's ghost
 33088 | D:15     | Reached skill level 10 in Short Blades
 33263 | D:15     | Found a staircase to the Depths.
 33473 | D:15     | Reached ****** piety under Ashenzari
 33600 | D:15     | Gained mutation: You passively map the area around you. [mutagenic meat]
 34078 | Depths:1 | Entered Level 1 of the Depths
 34320 | D:15     | Reached skill level 13 in Spellcasting
 34812 | D:10     | Bought a book of Party Tricks for 550 gold pieces
 34822 | D:10     | Learned a level 9 spell: Tornado
 34829 | D:10     | Learned a level 6 spell: Invisibility
 34860 | D:10     | Learned a level 3 spell: Tukima's Dance
 34864 | D:10     | Learned a level 3 spell: Mephitic Cloud
 35053 | Depths:1 | Reached skill level 14 in Spellcasting
 35317 | D:15     | Lost mutation: Potions are less effective at restoring your health. [mutagenic meat]
 35357 | D:15     | Reached skill level 1 in Hexes
 35422 | D:15     | Lost mutation: Your mind is acute. (Int +2) [mutagenic meat]
 35532 | Depths:1 | Reached skill level 5 in Hexes
 36148 | Depths:1 | Reached skill level 10 in Hexes
 36163 | Depths:1 | Gained mutation: You possess an exceptional clarity of mind. [mutagenic meat]
 36167 | Depths:1 | Gained mutation: You are robust. (+10% HP) [mutagenic meat]
 36172 | Depths:1 | Lost mutation: You possess an exceptional clarity of mind. [mutagenic meat]
 36173 | Depths:1 | Gained mutation: You possess an exceptional clarity of mind. [mutagenic meat]
 36174 | Depths:1 | Lost mutation: You are partially covered in large bone plates. (SH +4) [mutagenic meat]
 36175 | Depths:1 | Gained mutation: Your body sometimes deteriorates upon taking damage. [mutagenic meat]
 36180 | Depths:1 | Lost mutation: You are robust. (+10% HP) [mutagenic meat]
 36186 | Depths:1 | Lost mutation: You have large cloven feet. [mutagenic meat]
 36191 | Depths:1 | Gained mutation: You have sharp fingernails. [mutagenic meat]
 36500 | Spider:1 | Entered Level 1 of the Spider Nest
 37474 | Spider:1 | Reached skill level 15 in Spellcasting
 37772 | Spider:2 | Reached XP level 18. HP: 98/98 MP: 39/39
 38089 | Spider:2 | Noticed Agnes
 38117 | Spider:2 | Killed Agnes
 38117 | Spider:2 | Reached skill level 16 in Spellcasting
 38434 | Spider:2 | Noticed Arachne
 38897 | Spider:1 | Killed Arachne
 39372 | Spider:2 | Reached skill level 17 in Spellcasting
 40353 | Spider:3 | Reached skill level 18 in Spellcasting
 40686 | Spider:4 | Entered Level 4 of the Spider Nest
 40927 | Spider:4 | Reached skill level 19 in Spellcasting
 42027 | Spider:4 | HP: 3/98 [emperor scorpion (12)]
 42027 | Spider:4 | Slain by a wolf spider zombie

Vault maps used:
D:1:      elethiomel_arrival_maze
D:2:      okawaru_ov_weapons_minmay, zin_academy, nicolae_gozag_seed_capital
D:3:      minivault_26, uniq_natasha
D:4:      grunt_temple_overflow_holy_war, nicolae_ru_great_annihilating_truth
D:5:      nicolae_overflow_crystal_walls, eat_drink_and_be_merry_uskayaw,
          lemuel_doored_altar, first_bread, basic_altar, elyvilon_altar_3
D:6:      enter_ossuary_2
D:7:      kiku_gazebo_garden_becter, minmay_temple_entry_hall
D:8:      overflow_temple_1_default, serial_shops, shop, nrook_uturn,
          the_bakery, hangedman_decor_lopped
D:9:      serial_shops, shop, minmay_unpleasant_kobolds
D:10:     serial_shops, nicolae_shop_trees, shop_statue, uniq_joseph,
          uniq_gastronok
D:11:     due_lair_maze_entry_diamond, orc_david_3, enter_bailey_2
D:13:     david_vaults_1, minmay_joined_circles
D:14:     amethyst_killhole
D:15:     grunt_enter_depths_giant_problem, minmay_misc_feat_five,
          grunt_ministairs_15
Temple:   jpeg_temple_clearing
Lair:1:   portal_ice_cave_entry_ice_beasts, grunt_megastairs_5,
          lemuel_fruit_fields
Lair:2:   grunt_megastairs_1, uniq_erica
Lair:3:   mu_elephants_graveyard, swamp_mist, minmay_stone_trees_small,
          grunt_megastairs_3, uniq_fannar
Lair:4:   dpeg_oklob_gauntlet, spider_nest_entry_funnel_web, enter_volcano_1,
          lemuel_centaur_altar
Lair:5:   minmay_lair_venomous_thicket, minmay_slime_entry_jelly_boxes,
          hibernation_bobbens
Lair:6:   due_jungle_book, basic_altar
Spider:1: spider_trap
Spider:2: uniq_agnes, uniq_arachne
Spider:3: lemuel_spider_zombies, spiders_nest_hornet_nest
Spider:4: floodkiller_spider_rune_tomb
Orc:1:    serial_shops, shop, basic_altar, uniq_urug
Orc:2:    st_orc_open
Depths:1: hangedman_tar_grid_catacomb, roderic_lattice_a,
          nicolae_abyss_entry_one_way_or_another, spider_trap, ice2_lemuel
Ossuary:  ossuary_crypta
Bailey:   bailey_polearm_4, bailey
IceCv:    ice_cave_small_giant
Volcano:  kennysheep_volcano_temple

Skill      XL: |  1  2  3  4  5  6  7  8  9 10 11 12 13 14 15 16 17 18 |
---------------+-------------------------------------------------------+-----
Short Blades   | 3 4 5 6 9 10 | 10.9
Dodging        | 5 8 9 11 | 11.8
Armour         | 5 7 |  7.6
Shields        | 4 6 9 |  9.3
Spellcasting   | 2 11 12 15 19 | 19.4
Stealth        | 11 12 | 12.3
Transmutations | 7 12 | 12.2
Fighting       | 6 |  6.2
Ice Magic      | 7 8 |  8.5
Conjurations   | 10 | 10.9
Air Magic      | 7 |  7.8
Hexes          | 10 | 10.7

Action                   |  1- 3 |  4- 6 |  7- 9 | 10-12 | 13-15 | 16-18 || total
-------------------------+-------+-------+-------+-------+-------+-------++-------
Melee: Rapier            |   154 |   236 |   820 |  1610 |  2075 |  3979 ||  8874
       Kick              |       |       |   101 |   701 |   511 |       ||  1313
       Peck              |       |       |    59 |   402 |   728 |  1302 ||  2491
       Headbutt          |       |       |       |       |       |   756 ||   756
Throw: Tomahawk          |       |       |       |     4 |       |       ||     4
 Cast: Sticks to Snakes  |       |       |       |     8 |    50 |    41 ||    99
       Freezing Cloud    |       |       |       |       |       |    92 ||    92
       Conjure Flame     |       |       |       |       |       |     5 ||     5
       Metabolic Englaci |       |       |       |       |       |     4 ||     4
       Invisibility      |       |       |       |       |       |     4 ||     4
       Mephitic Cloud    |       |       |       |       |       |     4 ||     4
       Inner Flame       |       |       |       |       |       |     1 ||     1
       Tukima's Dance    |       |       |       |       |       |     2 ||     2
Invok: Curse Item        |       |       |       |     3 |     2 |     5 ||    10
Evoke: Wand              |       |       |       |    32 |       |       ||    32
       Sack of spiders   |       |       |       |     4 |       |     1 ||     5
  Use: Scroll            |     1 |     3 |    13 |    14 |     5 |    13 ||    49
       Potion            |       |     5 |     5 |    18 |     3 |     8 ||    39
 Stab: Paralysed         |       |       |     1 |     4 |       |       ||     5
       Sleeping          |       |       |       |    18 |    20 |    44 ||    82
       Distracted        |       |       |       |     5 |    14 |    15 ||    34
       Invisible         |       |       |       |     1 |       |    14 ||    15
       Confused          |       |       |       |       |       |     2 ||     2
       Held in net/web   |       |       |       |       |       |     9 ||     9
  Eat: Chunk             |     2 |     5 |    19 |    36 |    32 |    84 ||   178
       Fruit             |       |       |     1 |     1 |     3 |     6 ||    11
       Bread ration      |       |       |       |       |       |     6 ||     6
       Royal jelly       |       |       |       |       |       |     3 ||     3
Armor: Scale mail        |    64 |    66 |   167 |    30 |       |       ||   327
       Skin              |       |     9 |    21 |   125 |       |       ||   155
       Ring mail         |       |       |       |   219 |   394 |   642 ||  1255
Dodge: Dodged            |    41 |    90 |   381 |   751 |  1334 |  2071 ||  4668
Block: Shield            |    68 |   102 |   381 |  1253 |  1790 |  2775 ||  6369

Table legend:
 A = Spawn XP
 B = Non-spawn XP
 C = Spawn XP percentage of total XP
 D = Spawn monster count
 E = Non-spawn monster count
 F = Spawn count percentage of total count
 G = Total turns spent on level
                    A         B        C        D         E        F      G
               +---------+---------+-------+---------+---------+-------+---------
         Total |       0 |  310611 |   0.0 |       0 |    1217 |   0.0 | 42027
               +---------+---------+-------+---------+---------+-------+---------
           D:1 |       0 |      43 |   0.0 |       0 |      26 |   0.0 |   988
           D:2 |       0 |      54 |   0.0 |       0 |      16 |   0.0 |   635
           D:3 |       0 |     377 |   0.0 |       0 |      32 |   0.0 |   969
           D:4 |       0 |     629 |   0.0 |       0 |      27 |   0.0 |   775
           D:5 |       0 |     879 |   0.0 |       0 |      31 |   0.0 |  1065
           D:6 |       0 |     844 |   0.0 |       0 |      24 |   0.0 |   870
           D:7 |       0 |    2220 |   0.0 |       0 |      34 |   0.0 |  1071
           D:8 |       0 |    2182 |   0.0 |       0 |      38 |   0.0 |   746
           D:9 |       0 |    2100 |   0.0 |       0 |      39 |   0.0 |   889
          D:10 |       0 |    5387 |   0.0 |       0 |      33 |   0.0 |  1470
          D:11 |       0 |   10688 |   0.0 |       0 |      80 |   0.0 |  2587
          D:12 |       0 |    8128 |   0.0 |       0 |      42 |   0.0 |  1749
          D:13 |       0 |   12900 |   0.0 |       0 |      57 |   0.0 |  1670
          D:14 |       0 |   11161 |   0.0 |       0 |      34 |   0.0 |   936
          D:15 |       0 |   19823 |   0.0 |       0 |      32 |   0.0 |  2191
        Lair:1 |       0 |    5795 |   0.0 |       0 |      29 |   0.0 |  1304
        Lair:2 |       0 |   10091 |   0.0 |       0 |      36 |   0.0 |  1599
        Lair:3 |       0 |   15663 |   0.0 |       0 |      36 |   0.0 |  1871
        Lair:4 |       0 |    6633 |   0.0 |       0 |      26 |   0.0 |  1710
        Lair:5 |       0 |   10762 |   0.0 |       0 |      51 |   0.0 |  1472
        Lair:6 |       0 |   22674 |   0.0 |       0 |      56 |   0.0 |  2102
      Spider:1 |       0 |   12348 |   0.0 |       0 |      24 |   0.0 |  1377
      Spider:2 |       0 |   21818 |   0.0 |       0 |      62 |   0.0 |  1815
      Spider:3 |       0 |   25505 |   0.0 |       0 |      75 |   0.0 |  1345
      Spider:4 |       0 |   21935 |   0.0 |       0 |      57 |   0.0 |   965
         Orc:1 |       0 |   11517 |   0.0 |       0 |      62 |   0.0 |  2204
         Orc:2 |       0 |    6848 |   0.0 |       0 |      27 |   0.0 |   936
      Depths:1 |       0 |   40535 |   0.0 |       0 |      59 |   0.0 |  1127
       Ossuary |       0 |     221 |   0.0 |       0 |      14 |   0.0 |   414
        Bailey |       0 |    2472 |   0.0 |       0 |      14 |   0.0 |   414
         IceCv |       0 |   10684 |   0.0 |       0 |      36 |   0.0 |  2245
       Volcano |       0 |    7695 |   0.0 |       0 |       8 |   0.0 |   286
               +---------+---------+-------+---------+---------+-------+---------
